 Dungeon Sprint DCSS version 0.26-a0-663-g36e8fdb655 (webtiles) character file.

Game seed: 16393741838983817422

376230 olmar the Conqueror (level 16, 104/148 HPs)
             Began as a Gargoyle Fighter on Oct 11, 2020.
             Was an Initiate of Gozag.
             Escaped with the Orb!
             The game lasted 00:27:30 (5368 turns).

olmar the Conqueror (Gargoyle Fighter)              Turns: 5368, Time: 00:27:31

Health: 104/148    AC: 53    Str: 31    XL:     16   Next: 87%
Magic:  12/16      EV: 14    Int:  9    God:    Gozag
Gold:   12896      SH:  0    Dex: 15    Spells: 15/15 levels left

rFire    + + .     SeeInvis +   q - +11 dire flail "Cyroy" {vorpal, rPois rC- rN+ MR+}
rCold    + . .     Faith    .   (shield currently unavailable)
rNeg     + + +     Spirit   .   I - +2 crystal plate armour
rPois    ∞         Reflect  .   Q - -2 hat of the Alchemist {rElec rPois rF+ rC+ rN+ MR+ rMut rCorr}
rElec    +         Harm     .   F - +2 cloak {rPois}
rCorr    +         Rampage  .   (no gloves)
rMut     +         NoTele   +   A - +1 pair of boots {Fly}
MR       ++++.                  v - amulet of Vitality {Regen+ HP+15}
Stlth    ..........             x - ring of Kasublil {rC+ EV+4 Str+2}
HPRegen  0.74/turn              w - ring of Xom's Full Attention {rF+ MR+ AC+4 Dex+4}
MPRegen  0.15/turn

@: studying 2 skills
A: big wings, claws 1, molten scales 1, see invisible, agile 1, blink, negative
energy resistance 1, screaming 1, electricity resistance, strong 1, unbreathing,
petrification resistance, rot immunity, AC +12
0: Orb of Zot
a: Fly, Blink, Potion Petition, Call Merchant, Bribe Branch, Renounce Religion,
Evoke Flight


You escaped.
You worshipped Gozag.
Gozag was extremely pleased with you.
You visited 1 branch You collected 25489 gold pieces.
You spent 8251 gold pieces at shops.
You paid 4342 gold pieces to Gozag.

Inventory:

Hand Weapons
 q - the +11 dire flail "Cyroy" (weapon) {vorpal, rPois rC- rN+ MR+}
   (You bought it in a shop in the Dungeon)

   It inflicts extra damage upon your enemies.
   It makes you vulnerable to cold.
   It protects you from poison.
   It protects you from negative energy.
   It affects your resistance to hostile enchantments.
Armour
 c - the cursed +0 scale mail "Diely" {rF- Str+4 Int+4 Stlth+}
   (You found it in the Dungeon)

   It affects your strength (+4).
   It affects your intelligence (+4).
   It makes you vulnerable to fire.
   It makes you more stealthy.
   It has a curse placed upon it.
 A - a +1 pair of boots of flying (worn)
 F - a +2 cloak of poison resistance (worn)
 I - a +2 crystal plate armour (worn)
 Q - the -2 hat of the Alchemist (worn) {rElec rPois rF+ rC+ rN+ MR+ rMut rCorr}
   (You bought it in a shop in the Dungeon)

   It protects you from fire.
   It protects you from cold.
   It insulates you from electricity.
   It protects you from poison.
   It protects you from negative energy.
   It affects your resistance to hostile enchantments.
   It provides partial protection from all sources of acid and corrosion.
   It protects you from mutation.
Jewellery
 o - an uncursed amulet of guardian spirit
 r - an uncursed ring of protection from fire
 v - the amulet of Vitality (around neck) {Regen+ HP+15}
   (You acquired it in the Dungeon)

   [amulet of regeneration]

   It affects your health (+15).
   It increases your rate of regeneration.
 w - the ring of Xom's Full Attention (right claw) {rF+ MR+ AC+4 Dex+4}
   (You bought it in a shop in the Dungeon)

   [ring of protection]

   It affects your AC (+4).
   It affects your dexterity (+4).
   It protects you from fire.
   It affects your resistance to hostile enchantments.
 x - the ring of Kasublil (left claw) {rC+ EV+4 Str+2}
   (You bought it in a shop in the Dungeon)

   [ring of evasion]

   It affects your evasion (+4).
   It affects your strength (+2).
   It protects you from cold.
 J - the ring of Erimecwe {+Fly rF++ Str-5 Int+4 Stlth+}
   (You found it in the Dungeon)

   [ring of flight]

   It affects your strength (-5).
   It affects your intelligence (+4).
   It greatly protects you from fire.
   It lets you fly.
   It makes you more stealthy.
Wands
 y - a wand of digging (3)
Scrolls
 b - a scroll of brand weapon
 e - 7 scrolls of enchant weapon
 f - 3 scrolls of magic mapping
 j - 7 scrolls of blinking
 m - 2 scrolls of random uselessness
 n - 2 scrolls of remove curse
 s - 2 scrolls of amnesia
 K - a scroll of immolation
 N - a scroll of vulnerability
Potions
 d - a potion of ambrosia
 g - 10 potions of haste
 h - 23 potions of magic
 l - 15 potions of flight
 p - 2 potions of degeneration
 t - 3 potions of resistance
 u - 2 potions of stabbing
 D - 25 potions of mutation
 G - 2 potions of heal wounds
 O - a potion of brilliance
 P - a potion of cancellation
Books
 z - a manual of Shields
 E - a manual of Dodging
Miscellaneous
 k - a condenser vane (2/2)
 B - a phantom mirror
 C - a lightning rod (4/4)
 H - a box of beasts (3/3)
 M - a phial of floods


   Skills:
 O Level 27 Fighting
 + Level 26.8 Maces & Flails
 + Level 22.7 Armour
 - Level 3.7 Dodging
 - Level 1.5 Stealth
 - Level 20.2 Shields
 - Level 0.8 Evocations


You had 15 spell levels left.
You didn't know any spells.
Your spell library contained the following spells:

 Spells                   Type           Power        Failure   Level
 Sandblast                Erth           #.....       96%         1
 Corpse Rot               Necr/Air       N/A          99%         2
 Stone Arrow              Conj/Erth      #.....       100%        3
 Ice Form                 Ice/Tmut       #.......     100%        4
 Leda's Liquefaction      Hex/Erth       #.........   100%        4
 Summon Ice Beast         Ice/Summ       #.......     100%        4
 Bolt of Magma            Conj/Fire/Erth #.........   100%        5
 Irradiate                Conj/Tmut      #.........   100%        5
 Metabolic Englaciation   Hex/Ice        #.........   100%        5
 Summon Forest            Summ/Tloc      #.........   100%        5
 Eringya's Noxious Bog    Tmut/Pois      #.........   100%        6
 Freezing Cloud           Conj/Ice/Air   #.........   100%        6
 Hydra Form               Tmut           #.........   100%        6
 Iron Shot                Conj/Erth      #.........   100%        6
 Ozocubu's Refrigeration  Ice            #.........   100%        6
 Simulacrum               Ice/Necr       #.........   100%        6
 Starburst                Conj/Fire      #.........   100%        6
 Dragon Form              Tmut           #.........   100%        7
 Summon Hydra             Summ           #.........   100%        7
 Shatter                  Erth           #.........   100%        9
 Tornado                  Air            #.........   100%        9
 Statue Form              Tmut/Erth      Unusable     N/A         6

Dungeon Overview and Level Annotations

Branches:
Dungeon (1/1)

Altars:
Cheibriados
Dithmenos
Elyvilon
Fedhas
Gozag
Hepliaklqana
Kikubaaqudgha
Makhleb
Nemelex Xobeh
Okawaru
Qazlal
Ru
Sif Muna
Trog
Uskayaw
Vehumet
Wu Jian
Xom
Yredelemnul
Zin
The Shining One
Beogh
Jiyva
Lugonu

Shops:
D ([(!:[(*=(*(*:!(?[:=(=:((::[}?[(*::!=*?


Innate Abilities, Weirdness & Mutations

You are resistant to torment.
Your stone body is resilient. (AC +12)
You are immune to poison.
Your large and strong wings let you fly indefinitely.
You resist negative energy. (rN+)
You are resistant to electric shocks. (rElec)
You can survive without breathing.
You are immune to petrification.
You are immune to rotting.
You have sharp fingernails.
You are partially covered in molten scales. (AC +2)
You have supernaturally acute eyesight. (SInv)
You are agile. (Dex +2)
You can translocate small distances at will.
You occasionally shout uncontrollably at your foes.
Your muscles are strong. (Str +2)


Message History

You feel your power leaking away.
You impale the eye of draining!!
The eye of draining is almost dead.
You completely miss the eye of draining.
The eye of draining is almost dead.
You skewer the eye of draining like a kebab!!!
You kill the eye of draining!
You see here 81 gold pieces.
You now have 12833 gold pieces (gained 81).
The goblin barely misses you.
You stick the goblin like a pincushion!!!
You kill the goblin!
You now have 12896 gold pieces (gained 63).
You see here a +0 dagger.
You enter the shallow water.
Moving in this stuff is going to be slow.
There is an open door here.
There is an open door here.
There is a staircase leading out of the dungeon here.
You have escaped!

##########≈≈#+++#§''#####^^..#.##
#########≈≈).≈≈.≈.≈≈.#..'....#..#
........#≈≈≈≈.##'##≈.#)(####.#..#
...⌠....#≈≈≈≈##...##.####..'.##.#
..∩.∩...#≈≈≈≈#..#..#.)..#..#...##
.∩.∩.∩..#≈≈####.#.####..#####..##
∩.∩.∩.∩.#≈##.###'###.##..#..'..#.
.∩...∩..#≈#.#.##.##...#..#.(#.^#.
∩.....∩.'≈'.##'.@.'###'..####..##
.......∩#≈#..###.##...#....###...
▓▓▓▓▓▓###≈##.###'###.##......§≈≈≈
...######≈≈####...####≈≈.....≈#'#
...#..'.##≈≈≈#..#).#≈≈≈≈≈≈≈..≈#._
∩.['..#'##'#≈##...##≈≈≈≈≈≈≈§.≈#..
...#[##≈##.#≈≈##'##≈≈≈≈≈≈§≈≈≈≈#._
...###≈§§####≈○≈○≈≈≈≈≈≈≈≈≈§≈§≈#_.
#'###§§≈≈.# #'○°#+++#≈≈§≈≈≈≈≈≈#._


There were no monsters in sight!

Vanquished Creatures
  Gloorx Vloq (D)
  A greater mummy (D)
  the Lernaean hydra (D)
  A curse toe (D)
  2 golden dragons (D)
  A bone dragon (D)
  A hellephant (D)
  An electric golem (D)
  A deep elf blademaster (D)
  3 quicksilver dragons (D)
  Murray (D)
  A deep elf master archer (D)
  A kraken (D)
  Gastronok (D)
  2 sphinxes (D)
  Roxanne (D)
  Kirke (D)
  2 storm dragons (D)
  A cacodemon (D)
  A draconian knight (D)
  A frost giant (D)
  A draconian shifter (D)
  A vampire knight (D)
  3 lorocyprocas (D)
  Nessos (D)
  A dire elephant (D)
  A crystal guardian (D)
  A blizzard demon (D)
  A yaktaur captain (D)
  A fire dragon (D)
  A deep elf high priest (D)
  A great orb of eyes (D)
  2 boulder beetles (D)
  A centaur warrior (D)
  An iron elemental (D)
  A death yak (D)
  2 hell hogs (D)
  Sonja (D)
  An iron golem (D)
  A skeletal warrior (D)
  3 sixfirhies (D)
  2 death drakes (D)
  2 unseen horrors (D)
  A glowing orange brain (D)
  2 deep trolls (D)
  An obsidian statue (D)
  A harpy (D)
  3 orc sorcerers (D)
  15 shining eyes (D)
  An oklob plant (D)
  2 slime creatures (D)
  3 manticores (D)
  3 toenail golems (D)
  An elephant (D)
  A merfolk siren (D)
  An eye of devastation (D)
  2 cane toads (D)
  An ice statue (D)
  A kobold demonologist (D)
  A yaktaur (D)
  5 polar bears (D)
  A hornet (D)
  18 flying skulls (D)
  2 redbacks (D)
  5 wyverns (D)
  3 yaks (D)
  4 neqoxecs (D)
  A golden eye (D)
  3 soldier ants (D)
  4 water moccasins (D)
  10 floating eyes (D)
  2 swamp drakes (D)
  An eye of draining (D)
  5 necrophages (D)
  2 earth elementals (D)
  A scorpion (D)
  9 electric eels (D)
  A jelly (D)
  4 orc priests (D)
  An iron imp (D)
  A goblin (D)
  A spectral giant cockroach (D)
  A spectral leopard gecko (D)
  A ballistomycete spore (D)
  A tentacle (D)
183 creatures vanquished.

Vanquished Creatures (others)
  Menkaure (D)
  A water moccasin (D)
  A ballistomycete spore (D)
  3 tentacles (D)
6 creatures vanquished.

Grand Total: 189 creatures vanquished

Notes
Turn   | Place    | Note
-------+----------+-------------------------------------------
     0 | D        | olmar the Gargoyle Fighter began the quest for the Orb.
     0 | D        | Reached XP level 1. HP: 14/14 MP: 1/1
     1 | D        | Noticed a neqoxec
     4 | D        | Noticed a neqoxec
     6 | D        | Killed a neqoxec
     6 | D        | Reached skill level 6 in Fighting
     6 | D        | Reached XP level 2. HP: 20/23 MP: 2/2
     6 | D        | Reached XP level 3. HP: 24/28 MP: 3/3
     6 | D        | Reached XP level 4. HP: 28/32 MP: 4/4
     6 | D        | Reached XP level 5. HP: 32/37 MP: 5/5
    14 | D        | Gained mutation: You occasionally shout uncontrollably at
                  | your foes. [a neqoxec]
    18 | D        | Killed a neqoxec
    18 | D        | Reached skill level 8 in Fighting
    18 | D        | Reached XP level 6. HP: 23/44 MP: 6/6
    20 | D        | Found Gexka Miu's Magic Scroll Shop.
    21 | D        | Found Igy Guozaf's Gadget Boutique.
    22 | D        | Found Uskixtaom's Book Shop.
    22 | D        | Found Woecsah's Antique Armour Shop.
    22 | D        | Found Uteclati's Book Boutique.
    22 | D        | Found Wesoh's Book Boutique.
    22 | D        | Found Qeriann's Antique Armour Shop.
    22 | D        | Found Plog's Jewellery Shop.
    22 | D        | Noticed a neqoxec
    22 | D        | Noticed a neqoxec
    24 | D        | Killed Menkaure
    31 | D        | Gained mutation: You are frail. (-10% HP) [a neqoxec]
    34 | D        | Killed a neqoxec
    34 | D        | Reached skill level 5 in Maces & Flails
    46 | D        | Killed a neqoxec
    46 | D        | Reached skill level 9 in Fighting
    46 | D        | Reached skill level 1 in Dodging
    46 | D        | Reached XP level 7. HP: 26/45 MP: 7/7
   193 | D        | Reached skill level 10 in Shields
   199 | D        | Found Zinadwo's Distillery.
   199 | D        | Found Roet Mef's Book Boutique.
   206 | D        | Noticed a flying skull
   206 | D        | Noticed a flying skull
   206 | D        | Noticed a flying skull
   206 | D        | Noticed a flying skull
   206 | D        | Noticed a flying skull
   206 | D        | Noticed a flying skull
   206 | D        | Noticed a flying skull
   206 | D        | Noticed a flying skull
   206 | D        | Noticed a flying skull
   206 | D        | Noticed a flying skull
   207 | D        | Noticed a flying skull
   207 | D        | Noticed a flying skull
   215 | D        | Found a glowing silver altar of Zin.
   215 | D        | Found a radiant altar of Vehumet.
   216 | D        | Found a glowing golden altar of the Shining One.
   216 | D        | Found a basalt altar of Yredelemnul.
   216 | D        | Found a hide-covered altar of Uskayaw.
   217 | D        | Found a shimmering altar of Xom.
   217 | D        | Found a bloodstained altar of Trog.
   218 | D        | Found an ornate altar of the Wu Jian Council.
   218 | D        | Found a shimmering blue altar of Sif Muna.
   218 | D        | Found a corrupted altar of Lugonu.
   218 | D        | Found a burning altar of Makhleb.
   219 | D        | Found a sacrificial altar of Ru.
   219 | D        | Found an ancient bone altar of Kikubaaqudgha.
   219 | D        | Found a white marble altar of Elyvilon.
   220 | D        | Found a stormy altar of Qazlal.
   220 | D        | Found a viscous altar of Jiyva.
   220 | D        | Found a shadowy altar of Dithmenos.
   221 | D        | Found a hazy altar of Hepliaklqana.
   221 | D        | Found a snail-covered altar of Cheibriados.
   223 | D        | Found a roughly hewn altar of Beogh.
   223 | D        | Found a sparkling altar of Nemelex Xobeh.
   223 | D        | Found a blossoming altar of Fedhas.
   224 | D        | Found an opulent altar of Gozag.
   224 | D        | Found an iron altar of Okawaru.
   232 | D        | Became a worshipper of Gozag Ym Sagoz the Greedy
   249 | D        | Noticed a boulder beetle
   278 | D        | Noticed a merfolk siren
   291 | D        | Killed a merfolk siren
   291 | D        | Reached skill level 10 in Armour
   291 | D        | Reached XP level 8. HP: 51/51 MP: 8/8
   326 | D        | Reached skill level 10 in Fighting
   353 | D        | Noticed a yak
   354 | D        | Found Foucwuax's Weapon Shop.
   354 | D        | Found Qimyitoism's Jewellery Boutique.
   354 | D        | Noticed a yak
   354 | D        | Noticed a yak
   354 | D        | Noticed an oklob plant
   355 | D        | Found Plog's Distillery.
   355 | D        | Found Ythrem's Antique Weapon Boutique.
   355 | D        | Found Ideos's Book Shoppe.
   355 | D        | Noticed a slime creature
   356 | D        | Bought a scroll of identify for 20 gold pieces
   356 | D        | Bought a scroll of magic mapping for 35 gold pieces
   356 | D        | Bought a scroll of fear for 35 gold pieces
   356 | D        | Noticed a slime creature
   356 | D        | Noticed a slime creature
   357 | D        | Bought a condenser vane (2/2) for 240 gold pieces
   411 | D        | Noticed a yaktaur
   411 | D        | Noticed a hornet
   411 | D        | Noticed a polar bear
   411 | D        | Noticed a polar bear
   413 | D        | Noticed a polar bear
   418 | D        | Killed a polar bear
   419 | D        | Killed a polar bear
   421 | D        | Killed a yaktaur
   421 | D        | Reached XP level 9. HP: 41/56 MP: 9/9
   423 | D        | Killed a polar bear
   423 | D        | Reached skill level 10 in Maces & Flails
   426 | D        | Killed a hornet
   433 | D        | Noticed a death drake
   466 | D        | Killed a death drake
   466 | D        | Reached skill level 11 in Fighting
   466 | D        | Reached skill level 1 in Stealth
   553 | D        | Noticed a kraken
   594 | D        | Killed a kraken
   594 | D        | Reached XP level 10. HP: 34/63 MP: 10/10
   849 | D        | Noticed a deep troll
   849 | D        | Noticed a deep troll
   858 | D        | Killed a deep troll
   858 | D        | Reached skill level 12 in Fighting
   868 | D        | Killed a deep troll
  1167 | D        | Noticed a sphinx
  1167 | D        | Noticed a sphinx
  1173 | D        | Killed a sphinx
  1173 | D        | Reached XP level 11. HP: 59/68 MP: 8/11
  1174 | D        | Killed a sphinx
  1174 | D        | Reached skill level 13 in Fighting
  1174 | D        | Reached skill level 15 in Shields
  1263 | D        | Noticed a crystal guardian
  1300 | D        | Noticed a hell hog
  1300 | D        | Noticed a hell hog
  1304 | D        | Bought the +11 dire flail "Cyroy" {vorpal, rPois rC- rN+
                  | MR+} for 1050 gold pieces
  1312 | D        | Bought a potion of heal wounds for 65 gold pieces
  1312 | D        | Bought a potion of heal wounds for 65 gold pieces
  1312 | D        | Bought a potion of stabbing for 52 gold pieces
  1312 | D        | Bought a potion of curing for 39 gold pieces
  1312 | D        | Bought 2 potions of curing for 78 gold pieces
  1315 | D        | Bought the ring of Xom's Full Attention {rF+ MR+ AC+4
                  | Dex+4} for 640 gold pieces
  1319 | D        | Bought the ring of Kasublil {rC+ EV+4 Str+2} for 758 gold
                  | pieces
  1383 | D        | Reached skill level 15 in Maces & Flails
  1417 | D        | Reached skill level 14 in Fighting
  1473 | D        | Bought a wand of digging (4) for 192 gold pieces
  1489 | D        | Found Wimops's Weapon Boutique.
  1491 | D        | Found Put Honu's Book Shoppe.
  1534 | D        | Identified Sif Muna's Tome of Scorching Weightlessness
  1540 | D        | Found Ziaxzur's General Store.
  1564 | D        | Bought a scroll of enchant weapon for 97 gold pieces
  1564 | D        | Bought a potion of mutation for 104 gold pieces
  1564 | D        | Bought a potion of heal wounds for 65 gold pieces
  1663 | D        | Noticed a sixfirhy
  1663 | D        | Noticed a sixfirhy
  1663 | D        | Noticed a sixfirhy
  1673 | D        | Killed a sixfirhy
  1676 | D        | Killed a sixfirhy
  1680 | D        | Killed a sixfirhy
  1716 | D        | Noticed Gastronok
  1726 | D        | Killed Gastronok
  1726 | D        | Reached XP level 12. HP: 62/77 MP: 9/12
  1754 | D        | Noticed a dire elephant
  1763 | D        | Killed a dire elephant
  1763 | D        | Reached skill level 15 in Fighting
  1770 | D        | Found the +6 Majin-Bo {vamp, MP+6 Int+6}
  1772 | D        | Reached skill level 15 in Armour
  1814 | D        | Got a pitted jade ring
  1842 | D        | Identified the ring of Erimecwe {+Fly rF++ Str-5 Int+4
                  | Stlth+} (You found it in the Dungeon)
  1995 | D        | Noticed a deep elf blademaster
  2007 | D        | Killed a deep elf blademaster
  2007 | D        | Reached skill level 16 in Fighting
  2253 | D        | Noticed Sonja
  2253 | D        | Noticed a black draconian shifter
  2254 | D        | Noticed a hellephant
  2262 | D        | Killed Sonja
  2279 | D        | Killed a black draconian shifter
  2288 | D        | Killed a hellephant
  2288 | D        | Reached skill level 17 in Fighting
  2288 | D        | Reached XP level 13. HP: 72/86 MP: 13/13
  2380 | D        | Gained mutation: Armour fits poorly on your strangely
                  | shaped body. [a shining eye]
  2380 | D        | Gained mutation: Scrolls take you a little longer to read.
                  | [a shining eye]
  2381 | D        | Paralysed by a floating eye for 3 turns
  2381 | D        | Gained mutation: Your magical capacity is low. (-10% MP) [a
                  | shining eye]
  2382 | D        | Gained mutation: You are weak. (Str -2) [a shining eye]
  2383 | D        | Gained mutation: Scrolls take you longer to read. [a
                  | shining eye]
  2383 | D        | Gained mutation: Your body sometimes deteriorates upon
                  | taking damage. [a shining eye]
  2384 | D        | Gained mutation: Your body often deteriorates upon taking
                  | damage. [a shining eye]
  2385 | D        | Reached skill level 18 in Fighting
  2543 | D        | Got a fine lead ring
  2546 | D        | Identified the ring of the Duke {*Contam rPois rN+ Stlth+}
                  | (You found it in the Dungeon)
  2549 | D        | Lost mutation: Your body often deteriorates upon taking
                  | damage. [potion of mutation]
  2549 | D        | Lost mutation: Scrolls take you longer to read. [potion of
                  | mutation]
  2549 | D        | Lost mutation: You are frail. (-10% HP) [potion of
                  | mutation]
  2549 | D        | Lost mutation: You are weak. (Str -2) [potion of mutation]
  2549 | D        | Gained mutation: You have sharp toenails. [potion of
                  | mutation]
  2549 | D        | Gained mutation: Your magical capacity is very low. (-20%
                  | MP) [potion of mutation]
  2549 | D        | Gained mutation: You are partially covered in molten
                  | scales. (AC +2) [potion of mutation]
  2550 | D        | Lost mutation: Armour fits poorly on your strangely shaped
                  | body. [potion of mutation]
  2550 | D        | Lost mutation: You have sharp toenails. [potion of
                  | mutation]
  2550 | D        | Gained mutation: Your muscles are strong. (Str +2) [potion
                  | of mutation]
  2550 | D        | Gained mutation: You are frail. (-10% HP) [potion of
                  | mutation]
  2550 | D        | Gained mutation: You are agile. (Dex +2) [potion of
                  | mutation]
  2551 | D        | Lost mutation: You occasionally shout uncontrollably at
                  | your foes. [potion of mutation]
  2551 | D        | Lost mutation: Your magical capacity is very low. (-20% MP)
                  | [potion of mutation]
  2551 | D        | Lost mutation: Your magical capacity is low. (-10% MP)
                  | [potion of mutation]
  2551 | D        | Gained mutation: You have a pair of small horns on your
                  | head. [potion of mutation]
  2551 | D        | Gained mutation: You can translocate small distances at
                  | will. [potion of mutation]
  2552 | D        | Lost mutation: Your body sometimes deteriorates upon taking
                  | damage. [potion of mutation]
  2552 | D        | Lost mutation: Scrolls take you a little longer to read.
                  | [potion of mutation]
  2552 | D        | Lost mutation: You are frail. (-10% HP) [potion of
                  | mutation]
  2552 | D        | Lost mutation: You have a pair of small horns on your head.
                  | [potion of mutation]
  2552 | D        | Gained mutation: You occasionally shout uncontrollably at
                  | your foes. [potion of mutation]
  2552 | D        | Gained mutation: You have supernaturally acute eyesight.
                  | (SInv) [potion of mutation]
  2552 | D        | Gained mutation: You have sharp fingernails. [potion of
                  | mutation]
  2852 | D        | Noticed Kirke
  2852 | D        | Noticed a storm dragon
  2852 | D        | Noticed a yaktaur captain
  2852 | D        | Noticed a cacodemon
  2857 | D        | Noticed a deep elf high priest
  2859 | D        | Noticed a golden dragon
  2862 | D        | Noticed a bone dragon
  2864 | D        | Killed a yaktaur captain
  2864 | D        | Reached skill level 19 in Fighting
  2868 | D        | Killed Kirke
  2869 | D        | Noticed a frost giant
  2882 | D        | Killed a storm dragon
  2885 | D        | Killed a deep elf high priest
  2890 | D        | Killed a cacodemon
  2890 | D        | Reached skill level 20 in Fighting
  2895 | D        | Gained mutation: Your large and strong wings let you fly
                  | indefinitely. [Gargoyle growth]
  2895 | D        | Reached XP level 14. HP: 79/108 MP: 6/14
  2912 | D        | Killed a golden dragon
  2912 | D        | Reached XP level 15. HP: 87/114 MP: 2/15
  2929 | D        | Killed a bone dragon
  2929 | D        | Reached skill level 21 in Fighting
  2941 | D        | Killed a frost giant
  3379 | D        | Found Ucraco's Weapon Emporium.
  3379 | D        | Found Wewuahak's Antique Weapon Shop.
  3379 | D        | Found Aziliac's Armour Shop.
  3379 | D        | Found Hetix's Assorted Antiques.
  3379 | D        | Found Zydghoups's General Store.
  3380 | D        | Found Cuwaigym's Weapon Shoppe.
  3380 | D        | Found Zubumi's Weapon Boutique.
  3380 | D        | Found Onkivegy's Jewellery Emporium.
  3380 | D        | Found Cymuto's Antique Weapon Shop.
  3380 | D        | Found Ituef's Magic Scroll Emporium.
  3380 | D        | Found Sokeed's Weapon Shop.
  3380 | D        | Found Piusenly's Weapon Shoppe.
  3387 | D        | Bought a scroll of remove curse for 39 gold pieces
  3389 | D        | Bought a scroll of enchant armour for 82 gold pieces
  3389 | D        | Bought 3 scrolls of blinking for 247 gold pieces
  3502 | D        | Reached skill level 22 in Fighting
  3550 | D        | Noticed a deep elf master archer
  3552 | D        | Killed a deep elf master archer
  3591 | D        | Reached skill level 23 in Fighting
  3621 | D        | Got a steaming scale mail
  3635 | D        | Identified the cursed +0 scale mail "Diely" {rF- Str+4
                  | Int+4 Stlth+} (You found it in the Dungeon)
  3640 | D        | Identified 6 scrolls of acquirement
  3640 | D        | Acquired a manual of Fighting
  3642 | D        | Acquired 997 gold pieces
  3644 | D        | Acquired a +1 pair of boots of flying
  3650 | D        | Noticed an electric golem
  3658 | D        | Killed an electric golem
  3701 | D        | Identified Sif Muna's Handbook of the Mountains and Snow
  3750 | D        | Identified the cursed +0 flail "Ogrebane" {holy, *Corrode
                  | Int+5 Stlth+} (You found it in the Dungeon)
  3768 | D        | Noticed Roxanne
  3771 | D        | Noticed a yellow draconian knight
  3781 | D        | Killed Roxanne
  3781 | D        | Reached skill level 24 in Fighting
  3785 | D        | Noticed the 27-headed Lernaean hydra
  4096 | D        | Reached skill level 25 in Fighting
  4220 | D        | Killed a yellow draconian knight
  4247 | D        | Acquired 763 gold pieces
  4255 | D        | Acquired 536 gold pieces
  4256 | D        | Acquired the amulet of Vitality {Regen+ HP+15}
  4257 | D        | Found the amulet of Vitality {Regen+ HP+15}
  4408 | D        | Found Niniew's Book Emporium.
  4411 | D        | Found Edaisaur's Armour Shop.
  4412 | D        | Noticed Nessos
  4421 | D        | Killed Nessos
  4444 | D        | Bought a potion of mutation for 96 gold pieces
  4444 | D        | Bought a lightning rod (4/4) for 480 gold pieces
  4444 | D        | Bought a +1 crystal plate armour for 1044 gold pieces
  4459 | D        | Bought a scroll of acquirement for 520 gold pieces
  4459 | D        | Bought a scroll of brand weapon for 200 gold pieces
  4459 | D        | Bought a scroll of immolation for 35 gold pieces
  4459 | D        | Bought a scroll of blinking for 75 gold pieces
  4459 | D        | Bought a scroll of holy word for 75 gold pieces
  4459 | D        | Bought a scroll of vulnerability for 75 gold pieces
  4459 | D        | Bought a scroll of identify for 20 gold pieces
  4460 | D        | Acquired the +1 helmet "Nowidaty" {rN+}
  4496 | D        | Killed the 27-headed Lernaean hydra
  4496 | D        | Reached XP level 16. HP: 131/131 MP: 16/16
  4679 | D        | Noticed a golden dragon
  4686 | D        | Killed a golden dragon
  4686 | D        | Reached skill level 26 in Fighting
  4691 | D        | Acquired 868 gold pieces
  4692 | D        | Acquired a manual of Armour
  4693 | D        | Acquired a manual of Dodging
  4697 | D        | Found Tuys's Distillery.
  4697 | D        | Found Ziczyap's Book Shoppe.
  4697 | D        | Found Fonatoc's Assorted Antiques.
  4697 | D        | Found Qafoll's Antique Armour Boutique.
  4697 | D        | Noticed a storm dragon
  4711 | D        | Killed a storm dragon
  4716 | D        | Bought a potion of brilliance for 40 gold pieces
  4716 | D        | Bought a potion of heal wounds for 50 gold pieces
  4716 | D        | Bought a potion of resistance for 100 gold pieces
  4716 | D        | Bought a potion of cancellation for 80 gold pieces
  4716 | D        | Bought a potion of heal wounds for 50 gold pieces
  4716 | D        | Bought a potion of stabbing for 40 gold pieces
  4720 | D        | Bought the -2 hat of the Alchemist {rElec rPois rF+ rC+ rN+
                  | MR+ rMut rCorr} for 1368 gold pieces
  4720 | D        | Found the -2 hat of the Alchemist {rElec rPois rF+ rC+ rN+
                  | MR+ rMut rCorr}
  4931 | D        | Noticed a quicksilver dragon
  4940 | D        | Killed a quicksilver dragon
  5015 | D        | Noticed a quicksilver dragon
  5025 | D        | Killed a quicksilver dragon
  5088 | D        | Noticed a quicksilver dragon
  5093 | D        | Reached skill level 27 in Fighting
  5098 | D        | Killed a quicksilver dragon
  5215 | D        | Noticed Murray
  5234 | D        | Killed Murray
  5244 | D        | Noticed a greater mummy
  5244 | D        | Noticed Gloorx Vloq
  5247 | D        | Noticed a curse toe
  5250 | D        | Noticed an Executioner
  5250 | D        | Killed a greater mummy
  5255 | D        | Noticed an Executioner
  5255 | D        | Noticed an Executioner
  5255 | D        | Noticed an Executioner
  5274 | D        | Killed Gloorx Vloq
  5286 | D        | Killed a curse toe
  5305 | D        | Got the Orb of Zot
  5368 | D        | Escaped with the Orb!

Illustrated notes

Levels and vault maps discovered:
D:        the_violet_keep_of_menkaure [sprint2_stairs_cluster_1,
          sprint2_shoproom, sprint2_temple, sprint2_basic_supplies,
          sprint2_obstacle_1, sprint2_obstacle_2, sprint2_obstacle_7,
          sprint2_obstacle_6, sprint2_obstacle_3, sprint2_timed_cluster_1,
          sprint2_smallroom_cluster_1, sprint2_smallroom_final_cluster_1,
          sprint2_transparent_cluster_1, sprint2_second_timed_cluster_1,
          sprint2_sniper_area_1, sprint2_heavy_combat_area_1,
          sprint2_mutation_trap_area_1, sprint2_forest_area_1,
          sprint2_light_combat_area_1, sprint2_behind_water_1,
          sprint2_near_end_vault_1]

Skill      XL: |  1  2  3  4  5  6  7  8  9 10 11 12 13 14 15 16 |
---------------+-------------------------------------------------+-----
Fighting       | 6 8 9 10 11 12 14 17 20 25 27 | 27.0
Maces & Flails | 3 4 5 7 9 12 14 16 18 20 23 26 | 26.8
Armour         | 7 8 9 10 11 12 14 16 17 18 22 | 22.7
Shields        | 6 8 9 10 11 13 14 16 19 20 | 20.2
Dodging        | 1 2 3 |  3.7
Stealth        | 1 |  1.5
Evocations     | |  0.8

Action                   |  1- 3 |  4- 6 |  7- 9 | 10-12 | 13-15 | 16-18 || total
-------------------------+-------+-------+-------+-------+-------+-------++-------
Melee: Flail             |     3 |    30 |   129 |    65 |       |       ||   227
       Dire flail        |       |       |       |   157 |   245 |   110 ||   512
Invok: Potion Petition   |       |       |     2 |       |     1 |     2 ||     5
       Call Merchant     |       |       |       |       |     3 |       ||     3
 Abil: Stop Flying       |       |       |       |       |     1 |     1 ||     2
       Fly               |       |       |       |       |     1 |       ||     1
Evoke: Condenser vane    |       |       |     4 |     9 |    11 |     1 ||    25
       Wand              |       |       |       |     1 |       |       ||     1
       Phial of floods   |       |       |       |       |     2 |       ||     2
       Phantom mirror    |       |       |       |       |     1 |       ||     1
  Use: Potion            |     2 |     1 |     1 |     2 |    18 |     4 ||    28
       Scroll            |       |       |       |     2 |    18 |     4 ||    24
 Stab: Confused          |       |       |     3 |     3 |     1 |       ||     7
       Sleeping          |       |       |       |       |    13 |     1 ||    14
       Distracted        |       |       |       |       |     3 |       ||     3
Armor: Scale mail        |       |    46 |    37 |    63 |       |       ||   146
       Fire dragon scale |       |       |       |    28 |    69 |       ||    97
       Skin              |       |       |       |       |    14 |       ||    14
       Crystal plate arm |       |       |       |       |       |   102 ||   102
Dodge: Dodged            |       |    36 |    28 |    92 |    72 |    73 ||   301
Block: Kite shield       |     1 |    39 |    58 |    38 |       |       ||   136

Table legend: (Time is in decaauts)
 A = Elapsed time spent in this place.
 B = Non-inter-level travel time spent in this place.
 C = Inter-level travel time spent in this place.
 D = Time resting spent in this place.
 E = Time spent auto-exploring this place.
 F = Levels seen in this place.
 G = Mean time per level.
                   A        B        C        D        E       F      G
               +--------+--------+--------+--------+--------+-----+--------+
         Total |   5197 |   4706 |    491 |   2259 |      0 |   1 | 5197.0 |
       Dungeon |   5197 |   4706 |    491 |   2259 |      0 |   1 | 5197.0 |
               +--------+--------+--------+--------+--------+-----+--------+

Top non-repeatable levels by time:
       D: 5197 daAuts
